 Dungeon Crawl Stone Soup version 0.22-a0-580-gd5db89c09a (webtiles) character file.

619 Oirien the Chopper (level 7, -3/54 HPs)
             Began as a Demonspawn Fighter on July 2, 2018.
             Slain by Prince Ribbit (15 damage)
             ... on level 5 of the Dungeon.
             The game lasted 00:13:20 (6807 turns).

Oirien the Chopper (Demonspawn Fighter)             Turns: 6807, Time: 00:13:21

Health: -3/54      AC:  8    Str: 18    XL:     7   Next: 21%
Magic:  7/7        EV:  7    Int:  9    God:
Gold:   72         SH:  9    Dex: 13    Spells: 6/6 levels left

rFire    + . .     SeeInvis +   b - +0 broad axe
rCold    . . .     Gourm    .   c - +0 shield
rNeg     . . .     Faith    .   w - +0 scale mail
rPois    .         Spirit   .   (helmet unavailable)
rElec    .         Reflect  .   u - +0 cloak
rCorr    .         Harm     .   (no gloves)
MR       .....                  (no boots)
Stlth    ..........             n - amulet of the acrobat
HPRegen  0.18/turn              i - ring of protection from fire
MPRegen  0.10/turn              (no ring)

@: no status effects
A: antennae 3, powered by death 1, powered by pain 1
a: no special abilities


You were on level 5 of the Dungeon.
You were very hungry.

You visited 1 branch of the dungeon, and saw 5 of its levels.

You collected 176 gold pieces.
You spent 104 gold pieces at shops.

Inventory:

Hand Weapons
 a - a +0 war axe
 b - a +0 broad axe (weapon)
Armour
 c - a +0 shield (worn)
 u - a +0 cloak (worn)
 w - a +0 scale mail (worn)
Jewellery
 i - a ring of protection from fire (left hand)
 n - an amulet of the acrobat (around neck)
Wands
 q - a wand of digging (7)
 r - a wand of clouds (7)
Scrolls
 e - a scroll of enchant weapon {unknown}
 g - a scroll of blinking {unknown}
 h - 6 scrolls of identify
 j - 2 scrolls of noise {unknown}
 l - a scroll of fog {unknown}
 m - 2 scrolls of remove curse
 o - 5 scrolls of teleportation
 p - a scroll of random uselessness {unknown}
 v - a scroll of immolation {unknown}
 y - a scroll of enchant armour {unknown}
Potions
 d - a potion of might
 k - a potion of curing {unknown}
 s - a potion of brilliance {unknown}
 t - a potion of haste {unknown}
 x - a potion of flight {unknown}
Comestibles
 f - 9 rations


   Skills:
 + Level 4.0 Fighting
 * Level 5.5 Axes
 - Level 3.8 Armour
 - Level 0.8 Dodging
 - Level 3.8 Shields


You had 6 spell levels left.
You didn't know any spells.
Your spell library was empty.

Dungeon Overview and Level Annotations

Branches:
Dungeon (5/15)
 Temple: D:4-7

Altars:
Hepliaklqana
Nemelex Xobeh
Zin

Shops:
D:4 ?

Annotations:
D:5 1 runed door, Prince Ribbit


Innate Abilities, Weirdness & Mutations

You have a pair of large antennae on your head. (SInv)
You regenerate a little health from kills.
You sometimes gain a little power by taking damage.


Message History

You are too injured to fight recklessly!
You slash Prince Ribbit!
Prince Ribbit is moderately wounded.
Prince Ribbit blinks!
An orc wizard comes into view. It is wielding a dagger.
The orc wizard shouts!
You hear a shout!
An orc priest comes into view. It is wielding a club.
The orc priest shouts!
An orc wizard comes into view. It is wielding a dagger.
The orc wizard gestures wildly while chanting.
The orc wizard flickers and vanishes for a moment.
Prince Ribbit lets out a mournful croak.
Prince Ribbit hits you!
* * * LOW HITPOINT WARNING * * *
You block Prince Ribbit's attack.
You miss Prince Ribbit.
Prince Ribbit is moderately wounded.
Prince Ribbit hops awkwardly around.
You block Prince Ribbit's attack. Prince Ribbit hits you!
You die...

#........##<..# #.#####..
#...........######.######.
#.........................
#.......#.#######.####....
#.......#.# ###.# #.#..
##.#######.# #...####.... #..#
#####.#####.#......#..
#######.####........o............
#..........#....@.o.o............
#..........#....F###.............
#..........#.....#[..############
#............###.#<##
#..........#....... #...
#..........#......... #...
...........#......... #...
#################.... #### # ...


You could see Prince Ribbit, an orc priest and 2 orc wizards.

Vanquished Creatures
  A phantom (D:5)
  An ogre (D:3)
  A crimson imp (D:3)
  4 hounds
  A jelly (D:5)
  3 orc wizards
  A worker ant (D:5)
  7 adders
  4 worms
  A dart slug (D:2)
  2 leopard geckos
  8 orcs
  4 giant cockroaches
  9 goblins
  7 hobgoblins
  2 jackals (D:3)
  11 kobolds
  A quokka (D:3)
  A ball python (D:2)
  9 bats
  5 frilled lizards
  A leopard gecko skeleton (D:3)
  8 rats
92 creatures vanquished.

Notes
Turn   | Place    | Note
-------+----------+-------------------------------------------
     0 | D:1      | Oirien the Demonspawn Fighter began the quest for the Orb.
     0 | D:1      | Reached XP level 1. HP: 18/18 MP: 1/1
   254 | D:1      | Gained mutation: You have a pair of small antennae on your head. [demonic ancestry]
   254 | D:1      | Reached XP level 2. HP: 21/24 MP: 2/2
   971 | D:2      | Reached skill level 2 in Axes
   984 | D:1      | Gained mutation: You have a pair of antennae on your head. [demonic ancestry]
   984 | D:1      | Reached XP level 3. HP: 8/29 MP: 3/3
  2169 | D:2      | Gained mutation: You have a pair of large antennae on your head. (SInv) [demonic ancestry]
  2169 | D:2      | Reached XP level 4. HP: 34/35 MP: 4/4
  2181 | D:2      | Found a glowing silver altar of Zin.
  2889 | D:3      | Found a transporter.
  3125 | D:3      | Found a transporter.
  3274 | D:3      | Reached skill level 3 in Axes
  3344 | D:3      | Gained mutation: You sometimes gain a little power by taking damage. [demonic ancestry]
  3344 | D:3      | Reached XP level 5. HP: 28/41 MP: 5/5
  3596 | D:3      | Noticed an ogre
  3604 | D:3      | Killed an ogre
  4343 | D:3      | Found a hazy altar of Hepliaklqana.
  4895 | D:4      | Reached XP level 6. HP: 27/47 MP: 6/6
  5089 | D:4      | Reached skill level 4 in Axes
  5497 | D:4      | Found Toozan's Magic Scroll Shoppe.
  5500 | D:4      | Bought a scroll of remove curse for 39 gold pieces
  5500 | D:4      | Bought a scroll of teleportation for 39 gold pieces
  5500 | D:4      | Bought a scroll of identify for 26 gold pieces
  5545 | D:4      | Found a sparkling altar of Nemelex Xobeh.
  5774 | D:5      | Entered Level 5 of the Dungeon
  6337 | D:5      | Reached skill level 5 in Axes
  6337 | D:5      | Gained mutation: You regenerate a little health from kills. [demonic ancestry]
  6337 | D:5      | Reached XP level 7. HP: 48/53 MP: 7/7
  6563 | D:5      | Noticed Prince Ribbit
  6760 | D:5      | Found a runed door.
  6807 | D:5      | Slain by Prince Ribbit

Vault maps used:
D:1:      arrival_zaba_pyramid
D:2:      marbit_many_paths
D:3:      gammafunk_wand_slinger, lemuel_coloured_pillars_altar, first_ration,
          roderic_roman_lattice, lightli_corner_chamber
D:4:      nemelex_altar_shiori, serial_shops, kennysheep_mini
D:5:      cheibriados_altar_1, lemuel_round_altar, minmay_stone_trees_small,
          uniq_prince_ribbit1, uniq_crazy_yiuf_cottage

Skill      XL: |  1  2  3  4  5  6  7 |
---------------+----------------------+-----
Armour         | 3 |  3.8
Shields        | 3 |  3.8
Axes           | 2 3 5 |  5.5
Fighting       | 4 |  4.0
Dodging        | |  0.8

Action                   |  1- 3 |  4- 6 |  7- 9 || total
-------------------------+-------+-------+-------++-------
Melee: War axe           |   153 |   208 |    17 ||   378
       Broad axe         |       |       |    28 ||    28
  Use: Scroll            |       |     1 |       ||     1
  Eat: Chunk             |     1 |    10 |       ||    11
       Ration            |     1 |     1 |       ||     2
Armor: Scale mail        |    74 |   102 |    17 ||   193
Dodge: Dodged            |    64 |    65 |    18 ||   147
Block: Shield            |    92 |   111 |    18 ||   221

Table legend:
 A = Spawn XP
 B = Non-spawn XP
 C = Spawn XP percentage of total XP
 D = Spawn monster count
 E = Non-spawn monster count
 F = Spawn count percentage of total count
 G = Total turns spent on level
                    A         B        C        D         E        F      G
               +---------+---------+-------+---------+---------+-------+---------
         Total |       0 |     885 |   0.0 |       0 |      92 |   0.0 |  6807
               +---------+---------+-------+---------+---------+-------+---------
           D:1 |       0 |      57 |   0.0 |       0 |      22 |   0.0 |  1774
           D:2 |       0 |      58 |   0.0 |       0 |      24 |   0.0 |  1036
           D:3 |       0 |     237 |   0.0 |       0 |      26 |   0.0 |  1865
           D:4 |       0 |     202 |   0.0 |       0 |      13 |   0.0 |  1272
           D:5 |       0 |     331 |   0.0 |       0 |       7 |   0.0 |   860
               +---------+---------+-------+---------+---------+-------+---------
